 Dungeon Crawl Stone Soup version 0.18-a0-1789-gbeff17f (webtiles) character file.

552 Tarnath the Insei (level 7, -3/52 HPs)
             Began as a Vampire Monk on Apr 21, 2016.
             Was a Priest of Pakellas.
             Slain by a crocodile (13 damage)
             ... in a sewer.
             The game lasted 01:15:13 (5733 turns).

Tarnath the Insei (Vampire Monk)                    Turns: 5733, Time: 01:15:14

Health: -3/52      AC:  0    Str: 10    XL:     7   Next: 8%
Magic:  6/8        EV: 25    Int: 12    God:    Pakellas [***...]
Gold:   211        SH:  0    Dex: 24    Spells: 0 memorised, 6 levels left

rFire  . . .     SeeInvis +       - Unarmed
rCold  . . .     Gourm    .     (armour currently unavailable)
rNeg   + . .     Faith    .     (shield currently unavailable)
rPois  .         Spirit   .     (helmet currently unavailable)
rElec  .         Dismiss  .     (cloak currently unavailable)
rCorr  .         Reflect  .     (gloves currently unavailable)
SustAt .         Harm     .     (boots currently unavailable)
MR     .....                    (no amulet)
Stlth  ++++......               (ring currently unavailable)
                                (ring currently unavailable)

@: bat-form, flying, very quick, not resistant to hostile enchantments, stealthy
A: fangs 3, see invisible, (unbreathing)
a: End Transformation, Quick Charge, Device Surge, Renounce Religion


You were in a sewer.
You worshipped Pakellas.
Pakellas was most pleased with you.
You were not thirsty.
You were in vampire-bat-form.
You visited 1 branch of the dungeon, and saw 5 of its levels.
You also visited: Sewer.

You collected 211 gold pieces.

Inventory:

Armour
 a - a +0 robe (melded)
Jewellery
 e - a +3 ring of dexterity (melded)
Wands
 m - a wand of acid (10/15)
 n - a wand of random effects (3/48)
 p - a wand of iceblast (7/15)
Scrolls
 c - a scroll of magic mapping
 d - 6 scrolls of remove curse
 h - a scroll of enchant armour {unknown}
 l - 3 scrolls of teleportation
 r - a scroll of blinking
Potions
 b - 19 potions of blood
 f - 2 potions of curing
 g - 3 potions of heal wounds
 i - a potion of brilliance
 j - a potion of cure mutation {unknown}
 k - 2 potions of haste
 q - a potion of invisibility {unknown}
Miscellaneous
 o - a sack of spiders {used: 1}


   Skills:
 - Level 3.4 Fighting
 + Level 4.9 Dodging
 + Level 5.4 Stealth
 * Level 6.7 Unarmed Combat
 * Level 2.5 Evocations


You had 6 spell levels left.
You didn't know any spells.

Dungeon Overview and Level Annotations

Branches:
Dungeon (5/15)             Temple (0/1) D:5

Altars:
Kikubaaqudgha
Pakellas
Sif Muna
Xom
Zin


Innate Abilities, Weirdness & Mutations

You have razor-sharp teeth.
You have supernaturally acute eyesight.
((You can survive without breathing.))


Message History

The crocodile is moderately wounded.
You hit the crocodile.
The crocodile is heavily wounded.
The crocodile bites you!
You hit the crocodile.
The crocodile is heavily wounded.
The crocodile bites you!
You hit the crocodile.
The crocodile is severely wounded.
The crocodile misses you.
You hit the crocodile. You bite the crocodile.
The crocodile is severely wounded.
The crocodile bites you!!
* * * LOW HITPOINT WARNING * * *
You turn into a vampire bat.
Your +0 robe melds into your body.
Your +3 ring of dexterity melds into your body.
You feel clumsy. The crocodile bites you!
You die...
Pakellas says: Time to start the next experiment...

#≈....#
##..≈..#
#..≈#...#
##.≈###..#
#...# .≈.#
#..## .≈#
#..# ..#
#t≈# ≈.#
#b.## #..#
#.≈≈# ≈≈.#
##≈≈###..#
#...#...#
##≈.≈≈≈#
#.....#
##≈.≈##
#.≈.#
##≈##


You could see a crocodile.

Vanquished Creatures
  A phantom (D:4)
  An ogre (D:4)
  A howler monkey (D:4)
  A hound (D:4)
  An orc wizard (D:3)
  Ijyb (D:2)
  Terence (D:2)
  2 iguanas (D:4)
  3 gnolls (D:2)
  7 adders
  6 worms
  5 dart slugs
  2 giant geckos (D:5)
  4 orcs (D:3)
  4 bats
  3 giant cockroaches
  7 goblins
  10 hobgoblins
  14 jackals
  2 quokkas
  2 ball pythons (D:2)
  5 giant newts
  14 kobolds
  6 rats
103 creatures vanquished.

Notes
Turn   | Place    | Note
--------------------------------------------------------------
     0 | D:1      | Tarnath the Vampire Monk began the quest for the Orb.
     0 | D:1      | Reached XP level 1. HP: 17/17 MP: 1/1
   582 | D:1      | Reached XP level 2. HP: 23/23 MP: 2/2
  1154 | D:2      | Found a shimmering altar of Xom.
  1229 | D:2      | Reached XP level 3. HP: 24/28 MP: 3/3
  1421 | D:2      | Reached skill level 5 in Unarmed Combat
  1951 | D:2      | Noticed Terence
  1967 | D:2      | You fall through a shaft!
  2075 | D:2      | Found a faded altar to an unknown god.
  2094 | D:2      | Killed Terence
  2094 | D:2      | Reached XP level 4. HP: 20/35 MP: 4/4
  2232 | D:2      | HP: 1/35 [gnoll (4)]
  3185 | D:2      | Found a glowing silver altar of Zin.
  3186 | D:2      | Noticed Ijyb
  3217 | D:2      | Killed Ijyb
  3217 | D:2      | Reached XP level 5. HP: 14/41 MP: 5/5
  3714 | D:2      | Found an ancient bone altar of Kikubaaqudgha.
  3870 | D:3      | Found a deep blue altar of Sif Muna.
  4148 | D:3      | Found an oddly glowing altar of Pakellas.
  4158 | D:3      | Became a worshipper of Pakellas the Inventive
  4158 | D:3      | Reached * piety under Pakellas
  4158 | D:3      | Received a gift from Pakellas
  4158 | D:3      | Reached ** piety under Pakellas
  4158 | D:3      | Received a gift from Pakellas
  4338 | D:3      | Reached skill level 6 in Unarmed Combat
  4574 | D:4      | Noticed a phantom
  4610 | D:4      | Killed a phantom
  4610 | D:4      | Reached skill level 1 in Evocations
  4610 | D:4      | Reached XP level 6. HP: 16/47 MP: 5/7
  4878 | D:4      | Reached skill level 5 in Stealth
  5449 | D:4      | Reached XP level 7. HP: 36/52 MP: 8/8
  5484 | D:5      | Entered Level 5 of the Dungeon
  5588 | D:5      | Reached *** piety under Pakellas
  5588 | D:5      | Received a gift from Pakellas
  5631 | D:5      | Found a glowing drain.
  5635 | Sewer    | Entered a sewer
  5733 | Sewer    | Slain by a crocodile

Vault maps used:
D:1:      minmay_arrival_nine_rooms
D:2:      lemuel_round_altar, lemuel_round_altar, zin_academy,
          ecumenical_altar_2, uniq_iyjb, uniq_terence
D:3:      kennysheep_six_static_rooms, grunt_pakellas_salt, tgw_sif,
          kennysheep_generic_room_13
D:5:      temple_fountains, first_bread, gup_sewer_entry_spiral
Sewer:    sewer_the_crocodile

Skill      XL: |  1  2  3  4  5  6 |
---------------+-------------------+-----
Unarmed Combat | 5 6 |  6.7
Fighting       | 3 |  3.4
Dodging        | 4 |  4.9
Stealth        | 4 5 |  5.4
Evocations     | 1 2 |  2.5

Action                   |  1- 3 |  4- 6 |  7- 9 || total
-------------------------+-------+-------+-------++-------
Melee: Unarmed           |   125 |   244 |    57 ||   426
       Bite              |    12 |    39 |     5 ||    56
       Punch             |     3 |     8 |       ||    11
 Abil: Bat Form          |       |       |     1 ||     1
Evoke: Wand              |       |    14 |       ||    14
       Sack of spiders   |       |     1 |       ||     1
  Use: Scroll            |     8 |     6 |     1 ||    15
       Potion            |     7 |     6 |       ||    13
 Stab: Sleeping          |     7 |     6 |     3 ||    16
Armor: Robe              |    13 |    19 |     4 ||    36
Dodge: Dodged            |    74 |   137 |    41 ||   252
